 Dungeon Crawl Stone Soup version 0.30-a0-6-g7c9e10e132 (webtiles) character file.

Game seed: 16620061401886683555

9536 SensoryNuts the Cleaver (level 11, -7/92 HPs)
             Began as a Demonspawn Fighter on Aug 22, 2022.
             Was an Initiate of Gozag.
             Mangled by a shadow wraith (8 damage)
             ... on level 2 of the Abyss.
             The game lasted 00:17:33 (13571 turns).

SensoryNuts the Cleaver (Demonspawn Fighter)       Turns: 13571, Time: 00:17:34

Health: -7/92      AC: 18    Str: 24    XL:     11   Next: 24%
Magic:  0/11       EV: 11    Int: 13    God:    Gozag
Gold:   240        SH:  6    Dex: 19    Spells: 10/10 levels left

rFire   . . .      SeeInvis .    a - +1 war axe
rCold   . . .      Faith    .    c - +0 buckler
rNeg    . . .      Spirit   +    b - +0 scale mail
rPois   +          Reflect  .    x - +1 hat of Eternity {+Inv rPois Str+3 Int+4}
rElec   .          Harm     .    G - +2 cloak
rCorr   .          Rampage  .    E - +0 pair of gloves
Will    .....                    t - +0 pair of boots
Stlth   +.........               (no amulet)
HPRegen 0.25/turn                p - +6 ring of dexterity
MPRegen 0.24/turn                (no ring)

@: about to teleport, gold aura, on berserk cooldown, slowed, very slow
A: claws 2, molten scales 2, magic shield, magic regeneration, antennae 1,
robust 1, screaming 1, devolution 1
a: Renounce Religion, Evoke Invisibility, Potion Petition, Call Merchant, Bribe
Branch


You were on level 2 of the Abyss.
You worshipped Gozag.
Gozag was aware of your devotion.
You visited 1 branch of the dungeon, and saw 10 of its levels.
You visited the Abyss 1 time.
You also visited: Ossuary.

You collected 1747 gold pieces.
You spent 544 gold pieces at shops.
You paid 963 gold pieces to Gozag.

Inventory:

Hand Weapons
 a - a +1 war axe (weapon)
Missiles
 d - 3 throwing nets (quivered)
Armour
 b - a +0 scale mail (worn)
 c - a +0 buckler (worn)
 q - a +1 helmet
 t - a +0 pair of boots (worn)
 x - the +1 hat of Eternity (worn) {+Inv rPois Str+3 Int+4}
   (You bought it in a shop on level 5 of the Dungeon)

   Str:       It affects your strength (+3).
   Int:       It affects your intelligence (+4).
   rPois:     It protects you from poison.
   +Inv:      It lets you turn invisible.
 E - a +0 pair of gloves (worn)
 G - a +2 cloak (worn)
Jewellery
 k - a ring of ice
 p - a +6 ring of dexterity (left hand)
 y - a ring of willpower
 A - an amulet of reflection
 D - a ring of ice
 F - a ring of positive energy
 H - a ring of see invisible
Wands
 l - a wand of iceblast (5)
 B - a wand of flame (19)
Scrolls
 g - 3 scrolls of teleportation
 j - a scroll of noise
 m - 2 scrolls of magic mapping
 o - a scroll of enchant armour
 C - a scroll of identify
Potions
 e - a potion of resistance
 h - 2 potions of mutation
 n - 4 potions of brilliance
 s - 2 potions of flight


   Skills:
 + Level 7.0 Fighting
 * Level 12.1 Axes
 + Level 7.5 Armour
 + Level 3.5 Dodging
 + Level 0.8 Stealth
 + Level 5.3 Shields


You had 10 spell levels left.
You didn't know any spells.
Your spell library contained the following spells:

 Spells                   Type           Power      Damage    Failure   Level
 Magic Dart               Conj           0%         1d3       65%         1
 Necrotise                Necr           0%         1d4       65%         1
 Call Imp                 Summ           0%         N/A       78%         2
 Ensorcelled Hibernation  Hex/Ice        0%         N/A       78%         2
 Sublimation of Blood     Necr           0%         N/A       78%         2
 Wereblood                Tmut           0%         N/A       78%         2
 Mephitic Cloud           Conj/Pois/Air  0%         N/A       95%         3
 Spider Form              Tmut/Pois      0%         N/A       95%         3
 Vampiric Draining        Necr           0%         2d6       95%         3
 Anguish                  Hex/Necr       0%         N/A       100%        4
 Agony                    Necr           0%         N/A       100%        5
 Summon Hydra             Summ           0%         N/A       100%        7


Dungeon Overview and Level Annotations

Branches:
Dungeon (10/15)            Temple (0/1) D:6            Lair (0/5) D:8
Ossuary (visited)
    Orc: D:9-12

Altars:
Ashenzari
Dithmenos
Fedhas
Gozag
Hepliaklqana
Kikubaaqudgha
Nemelex Xobeh
Okawaru
Qazlal
Sif Muna
Trog
Vehumet
Wu Jian
Xom

Shops:
D:5 [**

Annotations:
D:4 1 transporter, xian's ghost, novice DrWn


Innate Abilities, Weirdness & Mutations

You have very sharp fingernails.
You are mostly covered in molten scales. (AC +3)
When hurt, damage is shared between your health and your magic reserves.
You regenerate magic rapidly.
You have a pair of small antennae on your head.
You are robust. (+10% HP)
You occasionally shout uncontrollably at your foes.
You have hidden genetic defects.


Message History

* * * LOW HITPOINT WARNING * * *
You are knocked back by the lance of force.
You slam into the rock wall!
* * * LOW HITPOINT WARNING * * *
Okay, then.
You are too berserk!
You are too berserk!
You feel a strong urge to attack something.
Something hits you but does no damage.
You see here 22 gold pieces.
You slice the wretched star!!
The wretched star is severely damaged.
You hit something. You barely miss the wretched star.
The wretched star is heavily damaged.
You barely miss something. Something hits you but does no damage.
The wretched star is distracted by your dazzling golden aura.
You slash the wretched star!
The wretched star is no longer distracted by gold.
The wretched star is severely damaged.
You slash something! Something hits you.
* * * LOW HITPOINT WARNING * * *
Something drains your vigour!
You feel yourself slow down.
You slice the wretched star!!
You destroy the wretched star!
You barely miss something.
You are no longer berserk.
You are exhausted.
You feel as though you will be slow longer.
Your Fighting skill increases to level 7!
Okay, then.
Okay, then.
Okay, then.
Okay, then.
As you read the scroll of teleportation, it crumbles to dust.
You feel strangely unstable.
You feel the power of the Abyss delaying your translocation!
Something hits you!
You die...
Your body crumbles into a pile of gold.

. .. # #..#.
#....{ ###
#...##.# #
#{@##
.###$## ..#.
....###.ยง{#
#.... .###.
.# #.#. # ..
# # # # ..#


There were no monsters in sight!

Vanquished Creatures
  2 two-headed ogres (D:9)
  Amaemon (D:8)
  A wretched star (Abyss:2)
  Joseph (D:8)
  2 orange demons
  Maggie (D:9)
  Psyche (D:9)
  A komodo dragon (D:10)
  An ancient zyme (Abyss:2)
  Grinder (D:6)
  Prince Ribbit (D:8)
  A wyvern (D:5)
  A ynoxinul (Abyss:2)
  A chaos spawn (Abyss:2)
  3 yaks (D:9)
  3 steam dragons
  2 water moccasins
  3 orc warriors
  An ice beast (D:5)
  2 ogres
  3 black bears (D:8)
  3 centaurs
  The ghost of ytrimaz the Stinger, an amateur OpTm (D:3)
  A kobold brigand (D:8)
  2 bullfrogs
  A gnoll sergeant (D:10)
  A necrophage (D:8)
  3 water moccasin zombies (Ossuary)
  3 scorpions
  6 wights
  A small abomination (Abyss:2)
  8 killer bees (D:9)
  3 hounds
  2 orc priests
  A gnoll bouda (D:4)
  5 iguanas
  Terence (D:3)
  Natasha (D:3)
  7 orc wizards
  2 mummies (Ossuary)
  19 gnolls
  7 adders
  4 white imps
  2 ufetubi
  5 adder zombies (Ossuary)
  2 worms
  2 dart slugs
  35 orcs
  11 ball pythons
  4 bats
  6 endoplasms
  3 giant cockroaches
  7 gnoll zombies (Ossuary)
  5 hobgoblins
  5 jackals (D:2)
  A quokka (D:3)
  12 frilled lizards
  5 goblins
  A hobgoblin zombie (Ossuary)
  8 kobolds
  3 kobold zombies (Ossuary)
  8 orc zombies (Ossuary)
  2 rats
  2 rat zombies (D:4)
244 creatures vanquished.

Vanquished Creatures (others)
  A gnoll bouda (D:8)
  An orc wizard (D:5)
  8 fungi (D:8)
  14 plants
24 creatures vanquished.

Grand Total: 268 creatures vanquished

Notes
Turn   | Place    | Note
-------+----------+-------------------------------------------
     0 | D:1      | SensoryNuts the Demonspawn Fighter began the quest for the
                  | Orb.
     0 | D:1      | Reached XP level 1. HP: 18/18 MP: 1/1
   213 | D:1      | Found a faded altar of an unknown god.
   498 | D:1      | Gained mutation: You are partially covered in molten
                  | scales. (AC +2) [demonic ancestry]
   498 | D:1      | Reached XP level 2. HP: 23/24 MP: 2/2
   794 | D:2      | Reached skill level 2 in Axes
   808 | D:2      | Found a bloodstained altar of Trog.
   849 | D:2      | Gained mutation: You have sharp fingernails. [demonic
                  | ancestry]
   849 | D:2      | Reached XP level 3. HP: 29/29 MP: 3/3
  2462 | D:3      | Found a faded altar of an unknown god.
  2469 | D:3      | Found a hazy altar of Hepliaklqana.
  2572 | D:3      | Reached XP level 4. HP: 23/35 MP: 4/4
  2848 | D:3      | Found a runed translucent gate.
  2848 | D:3      | Found a runed translucent gate.
  2851 | D:3      | Found an opulent altar of Gozag.
  2851 | D:3      | Found a runed translucent gate.
  2852 | D:3      | Noticed an ogre
  2853 | D:3      | Noticed ytrimaz's ghost (amateur OpTm)
  2889 | D:3      | Reached skill level 3 in Axes
  3036 | D:3      | Noticed Terence
  3046 | D:3      | Killed Terence
  3047 | D:3      | Gained mutation: You are mostly covered in molten scales.
                  | (AC +3) [demonic ancestry]
  3047 | D:3      | Reached XP level 5. HP: 30/41 MP: 5/5
  3206 | D:3      | Noticed Natasha
  3211 | D:3      | Killed Natasha
  3437 | D:3      | Gained mutation: You possess an exceptional clarity of
                  | mind. [potion of mutation]
  3437 | D:3      | Gained mutation: You are robust. (+10% HP) [potion of
                  | mutation]
  3437 | D:3      | Gained mutation: You occasionally shout uncontrollably at
                  | your foes. [potion of mutation]
  3437 | D:3      | Gained mutation: You have a pair of small antennae on your
                  | head. [potion of mutation]
  3443 | D:3      | Killed an ogre
  3444 | D:3      | Reached skill level 4 in Axes
  3444 | D:3      | Reached XP level 6. HP: 45/52 MP: 6/6
  3452 | D:3      | Killed ytrimaz's ghost
  3552 | D:3      | Became a worshipper of Gozag Ym Sagoz the Greedy
  3806 | D:4      | Noticed xian's ghost (novice DrWn)
  3807 | D:4      | Found a transporter.
  3807 | D:4      | Identified the +5 dire flail of the Immovable Olives
                  | {vorpal, Str+2}
  4142 | D:4      | Found a shadowy altar of Dithmenos.
  4255 | D:4      | Reached XP level 7. HP: 60/60 MP: 7/7
  4260 | D:4      | Reached skill level 5 in Axes
  4385 | D:4      | Found a sand-covered staircase.
  4394 | Ossuary  | Entered an ossuary
  4471 | Ossuary  | Reached skill level 1 in Dodging
  5258 | D:4      | Found a broken altar of Ashenzari.
  5302 | D:5      | Entered Level 5 of the Dungeon
  5538 | D:5      | Reached skill level 6 in Axes
  5552 | D:5      | Found Hyimy Rowneu's General Store.
  5555 | D:5      | Found Veis's Armour Shop.
  5627 | D:5      | Gained mutation: You have very sharp fingernails. [demonic
                  | ancestry]
  5627 | D:5      | Reached XP level 8. HP: 56/67 MP: 8/8
  5694 | D:5      | Bought the +1 hat of Eternity {+Inv rPois Str+3 Int+4} for
                  | 544 gold pieces
  6125 | D:5      | Found Tudis's Assorted Antiques.
  6158 | D:5      | Reached skill level 5 in Fighting
  6159 | D:5      | Reached skill level 7 in Axes
  6177 | D:5      | Found a shimmering blue altar of Sif Muna.
  6854 | D:6      | Noticed Grinder
  6862 | D:6      | Killed Grinder
  6863 | D:6      | Reached skill level 8 in Axes
  6902 | D:6      | Found a staircase to the Ecumenical Temple.
  6975 | D:6      | Found a sparkling altar of Nemelex Xobeh.
  7371 | D:6      | Found a radiant altar of Vehumet.
  7373 | D:6      | Found an ornate altar of the Wu Jian Council.
  7373 | D:6      | Found a stormy altar of Qazlal.
  7386 | D:6      | Found a blossoming altar of Fedhas.
  7389 | D:6      | Found an ancient bone altar of Kikubaaqudgha.
  7679 | D:6      | Reached XP level 9. HP: 74/74 MP: 9/9
  8742 | D:7      | Reached skill level 5 in Armour
  9085 | D:7      | Found a shimmering altar of Xom.
  9190 | D:8      | Noticed an orange demon
  9191 | D:8      | Noticed Amaemon
  9530 | D:8      | Noticed Joseph
  9572 | D:8      | Killed Joseph
  9573 | D:8      | Reached skill level 9 in Axes
  9893 | D:8      | Found a staircase to the Lair.
 10055 | D:8      | Noticed Prince Ribbit
 10097 | D:8      | Killed Prince Ribbit
 10590 | D:8      | Reached skill level 10 in Axes
 10630 | D:8      | Killed Amaemon
 10631 | D:8      | Gained mutation: You regenerate magic rapidly. [demonic
                  | ancestry]
 10631 | D:8      | Reached XP level 10. HP: 36/83 MP: 10/10
 10648 | D:8      | Killed an orange demon
 11508 | D:9      | Found an iron altar of Okawaru.
 11509 | D:9      | Noticed Maggie
 11536 | D:9      | Killed Maggie
 11542 | D:9      | Noticed Psyche
 11550 | D:9      | Killed Psyche
 11769 | D:9      | Reached skill level 11 in Axes
 12289 | D:9      | Noticed a two-headed ogre
 12302 | D:9      | Killed a two-headed ogre
 12303 | D:9      | Reached skill level 5 in Shields
 12371 | D:9      | Noticed a two-headed ogre
 12381 | D:9      | Killed a two-headed ogre
 12855 | D:9      | Gained mutation: When hurt, damage is shared between your
                  | health and your magic reserves. [demonic ancestry]
 12855 | D:9      | Reached XP level 11. HP: 88/91 MP: 11/11
 13065 | D:10     | Entered Level 10 of the Dungeon
 13230 | Abyss:1  | Cast into level 1 of the Abyss (gnoll)
 13318 | Abyss:1  | Noticed a merfolk aquamancer
 13326 | Abyss:1  | Noticed a brown very ugly thing
 13327 | Abyss:1  | Noticed a wolf spider
 13331 | Abyss:1  | Noticed a wolf spider
 13346 | Abyss:2  | Noticed a brown very ugly thing
 13368 | Abyss:2  | Lost mutation: You possess an exceptional clarity of mind.
                  | [a neqoxec]
 13370 | Abyss:2  | Noticed a bone dragon
 13373 | Abyss:2  | Gained mutation: You have hidden genetic defects. [a
                  | neqoxec]
 13382 | Abyss:2  | Found a corrupted altar of Lugonu.
 13411 | Abyss:2  | Found a corrupted altar of Lugonu.
 13411 | Abyss:2  | Found a corrupted altar of Lugonu.
 13411 | Abyss:2  | Found a corrupted altar of Lugonu.
 13560 | Abyss:2  | Reached skill level 12 in Axes
 13563 | Abyss:2  | Noticed a wretched star
 13565 | Abyss:2  | HP: 3/136 [rock wall collision (18)]
 13569 | Abyss:2  | HP: 1/136 [something (3)]
 13570 | Abyss:2  | Killed a wretched star
 13571 | Abyss:2  | Mangled by a shadow wraith

Illustrated notes

Levels and vault maps discovered:
D:1:      scummos_arrival_hexagon, layout_loops_ring,
          ebering_ecumenical_altar_abandoned, minivault_11
D:2:      layout_loops_corners, basic_altar
D:3:      layout_loops_ring, nicolae_overflow_ecumenical_swirl,
          ebering_ghost_gozag, uniq_terence, uniq_natasha
D:4:      layout_basic, mainiacjoe_overflow_alcove_4, lemuel_tele_altar,
          gammafunk_ghost_smash, enter_ossuary_4
D:5:      layout_loops_ring, kennysheep_orc_sif_temple, serial_shops, shop,
          nicolae_shop_hallway_plus, nicolae_shop_competitors_out_of_business
D:6:      layout_basic, nicolae_overflow_hidden_temple,
          minmay_overflow_temple_star_hex, minmay_temple_entry_ruins,
          minmay_lizard_king, uniq_grinder
D:7:      hellmonk_destroyed_diamonds, layout_basic, kennysheep_mini,
          dk_vineyard_1
D:8:      layout_rooms, grunt_lair_entry_orc_guard_hut, grunt_ministairs_1,
          chequers_serial_rivers_small_3, uniq_prince_ribbit1, uniq_joseph,
          uniq_amaemon
D:9:      layout_irregular_city, okawaru_gym_becter, patterned_corridor,
          uniq_maggie, uniq_psyche
D:10:     layout_basic, nicolae_tso_swordbearing_angel, hiddenorc2_lemuel,
          st_stairs_8
Abyss:2:  base:
D:7

Skill      XL: |  1  2  3  4  5  6  7  8  9 10 11 |
---------------+----------------------------------+-----
Axes           | 2 3 4 6 8 10 11 12 | 12.1
Armour         | 3 4 6 7 |  7.5
Shields        | 3 4 5 |  5.3
Fighting       | 4 5 6 7 |  7.0
Dodging        | 1 2 3 |  3.5
Stealth        | |  0.8

Action                   |  1- 3 |  4- 6 |  7- 9 | 10-12 || total
-------------------------+-------+-------+-------+-------++-------
Melee: War axe           |   110 |   111 |   480 |   214 ||   915
Invok: Potion Petition   |       |       |       |     3 ||     3
  Use: Potion            |     6 |     6 |    18 |     6 ||    36
       Scroll            |     5 |     4 |     9 |     5 ||    23
 Stab: Distracted        |       |       |       |     1 ||     1
Armor: Scale mail        |    63 |    52 |   189 |   116 ||   420
       Skin              |       |       |     3 |     6 ||     9
Dodge: Dodged            |    56 |    58 |   193 |   100 ||   407
Block: Buckler           |    24 |    29 |   113 |    75 ||   241

Table legend: (Time is in decaauts)
 A = Elapsed time spent in this place.
 B = Non-inter-level travel time spent in this place.
 C = Inter-level travel time spent in this place.
 D = Time resting spent in this place.
 E = Time spent auto-exploring this place.
 F = Levels seen in this place.
 G = Mean time per level.
                   A        B        C        D        E       F      G
               +--------+--------+--------+--------+--------+-----+--------+
         Total |  13719 |  12714 |   1005 |    866 |   9747 |  13 | 1055.3 |
       Dungeon |  12896 |  11891 |   1005 |    760 |   9411 |  10 | 1289.6 |
         Abyss |    332 |    332 |      0 |    106 |     34 |   2 |  166.0 |
       Ossuary |    490 |    490 |      0 |      0 |    302 |   1 |  490.0 |
               +--------+--------+--------+--------+--------+-----+--------+

Top non-repeatable levels by time:
     D:8: 1925 daAuts
     D:6: 1733 daAuts
     D:2: 1694 daAuts
     D:9: 1668 daAuts
     D:3: 1266 daAuts
     D:5: 1251 daAuts
     D:4: 1230 daAuts
     D:7: 1223 daAuts
     D:1: 739 daAuts
 Ossuary: 490 daAuts
 Abyss:2: 232 daAuts
    D:10: 162 daAuts
 Abyss:1: 99 daAuts
